 Dungeon Crawl Stone Soup version 0.22-a0-414-gacd343e8ff (webtiles) character file.

8772 Manul the Covert (level 11, -11/72 HPs)
             Began as an Octopode Assassin on May 13, 2018.
             Was an Initiate of Gozag.
             Mangled by a two-headed ogre
             ... wielding a +0 giant club
              (22 damage)
             ... on level 10 of the Dungeon.
             The game lasted 00:16:34 (13247 turns).

Manul the Covert (Octopode Assassin)               Turns: 13247, Time: 00:16:34

Health: -11/72     AC:  1    Str: 12    XL:     11   Next: 36%
Magic:  11/11      EV: 16    Int: 13    God:    Gozag
Gold:   267        SH: 10    Dex: 16    Spells: 10/10 levels left

rFire    . . .     SeeInvis .   N - +0 long sword (slice)
rCold    + . .     Gourm    .   n - +2 buckler
rNeg     + . .     Faith    .   (helmet restricted)
rPois    .         Spirit   .   y - +2 amulet of reflection
rElec    .         Reflect  +   z - ring of protection from cold
rCorr    .         Harm     .   F - ring of positive energy
MR       .....                  (no ring)
Stlth    +++++++...             (no ring)
HPRegen  0.22/turn              (no ring)
MPRegen  0.12/turn              (no ring)
                                (no ring)
                                (no ring)

@: no status effects
A: almost no armour, stealthy swim, amphibious, 8 rings, constrict 8, camouflage
1, gelatinous body 1
a: Potion Petition, Call Merchant, Bribe Branch, Renounce Religion


You were on level 10 of the Dungeon.
You worshipped Gozag.
Gozag was aware of your devotion.
You were not hungry.

You visited 1 branch of the dungeon, and saw 11 of its levels.
You also visited: Ossuary.

You collected 2151 gold pieces.
You spent 170 gold pieces at shops.
You paid 1714 gold pieces to Gozag.

Inventory:

Hand Weapons
 a - a +2 vampiric dagger
 b - a +0 blowgun
 w - a +0 dagger of flaming
 A - a +0 short sword of distortion
 N - a +0 long sword of slicing (weapon)
Missiles
 c - 45 poisoned needles
 d - 7 curare-tipped needles
 O - 2 throwing nets (quivered)
Armour
 l - a +0 shield
 n - a +2 buckler (worn)
Jewellery
 e - an uncursed amulet of the acrobat
 y - a +2 amulet of reflection (around mantle)
 z - a ring of protection from cold (left tentacle)
 F - a ring of positive energy (right tentacle)
Wands
 k - a wand of disintegration (7)
 x - a wand of digging (16)
 B - a wand of random effects (9)
 P - a wand of iceblast (6)
Scrolls
 g - a scroll of acquirement {unknown}
 i - 8 scrolls of remove curse
 j - 2 scrolls of fear
 m - a scroll of magic mapping
 p - a scroll of noise {unknown}
 q - 2 scrolls of enchant armour {unknown}
 s - a scroll of amnesia {unknown}
 u - 2 scrolls of blinking {unknown}
 v - a scroll of enchant weapon {unknown}
 K - 2 scrolls of teleportation
 L - a scroll of vulnerability {unknown}
 M - 3 scrolls of identify
 R - a scroll of holy word {unknown}
Potions
 h - 5 potions of curing
 o - a potion of resistance {unknown}
 r - a potion of agility {unknown}
 t - 2 potions of might
 C - a potion of brilliance {unknown}
 D - a potion of heal wounds
 E - 2 potions of flight {unknown}
 G - a potion of cancellation
 H - a potion of haste
 I - 3 potions of lignification
 J - a potion of mutation {unknown}
 Q - a potion of invisibility
Comestibles
 f - 13 rations


   Skills:
 + Level 5.6 Fighting
 + Level 8.0 Short Blades
 - Level 2.2 Throwing
 + Level 5.3 Dodging
 + Level 14.8 Stealth
 * Level 8.6 Shields
 + Level 1.3 Evocations


You had 10 spell levels left.
You didn't know any spells.
Your spell library contained the following spells:

 Spells                   Type           Power        Failure   Level  Hunger
 Fireball                 Conj/Fire      #.........   100%        5    ######.
 Conjure Flame            Conj/Fire      #.......     67%         3    ####...
 Bolt of Magma            Conj/Fire/Erth #.........   100%        5    ######.
 Throw Flame              Conj/Fire      #.....       43%         2    ###....
 Sticky Flame             Conj/Fire      #.......     97%         4    #####..
 Regeneration             Chrm/Necr      #.........   67%         3    ####...
 Iron Shot                Conj/Erth      #.........   100%        6    #######
 Statue Form              Tmut/Erth      #........    100%        6    #######
 Flame Tongue             Conj/Fire      #....        30%         1    ##.....
 Shatter                  Erth           #.........   100%        9    #######
 Leda's Liquefaction      Hex/Erth       #.........   97%         4    #####..
 Shroud of Golubria       Chrm/Tloc      #.........   43%         2    ###....
 Inner Flame              Hex/Fire       #.......     67%         3    ####...
 Infusion                 Chrm           #...         30%         1    ##.....
 Song of Slaying          Chrm           #.......     43%         2    ###....
 Spectral Weapon          Hex/Chrm       #.......     67%         3    ####...


Dungeon Overview and Level Annotations

Branches:
Dungeon (11/15)            Temple (0/1) D:5
   Lair: D:8-11         Orc: D:9-12

Altars:
Cheibriados
Dithmenos
Elyvilon
Fedhas
Gozag
Makhleb
Nemelex Xobeh
Sif Muna
Trog
Uskayaw
Wu Jian
Xom
The Shining One

Shops:
D:7 =   D:9 (%!:   D:10 *


Innate Abilities, Weirdness & Mutations

You cannot wear most types of armour.
You are very stealthy in the water. (Stealth+)
You are amphibious.
You can wear up to eight rings at the same time.
You can use your tentacles to constrict eight enemies at once.
Your skin changes colour to match your surroundings (Stealth+).
Your rubbery body absorbs attacks. (AC +1, EV +1)


Message History

The two-headed ogre is moderately wounded.
The two-headed ogre hits you with a giant club! x2
You are too injured to fight recklessly!
You barely miss the two-headed ogre.
The two-headed ogre is moderately wounded.
The two-headed ogre hits you with a giant club.
* * * LOW HITPOINT WARNING * * *
You block the two-headed ogre's attack.
You are too injured to fight recklessly!
You are too injured to fight recklessly!
You barely miss the two-headed ogre.
The two-headed ogre is moderately wounded.
The two-headed ogre hits you with a giant club!
* * * LOW HITPOINT WARNING * * *
You block the two-headed ogre's attack.
You hit the two-headed ogre.
The two-headed ogre is moderately wounded.
The two-headed ogre hits you with a giant club!!
You die...
Your body crumbles into a pile of gold.

.........([[.# #............(#
##..#.###.##)####...######.####
##..#.###(##.(......# #.#
##........(.......>## #.#
..........#######.### #.#
##.##.#....(.Y......######.#
#.##.#.######.............#
#.##.#.# ##.##.#.########
#.##.#.# #..O@.#.#
#.##.#.#####..####.#
#.##..........# #.#
#.####.######## #O# #.#
#.###########.# #.#
#.............# ##.#
############### ...# ####


You could see a two-headed ogre.

Vanquished Creatures
  A two-headed ogre (D:8)
  A deep troll (D:10)
  Joseph (D:10)
  3 trolls
  A merfolk (D:10)
  3 hippogriffs
  A shadow (D:10)
  A wraith (D:9)
  A yak (D:9)
  A water moccasin (D:10)
  An orc warrior (D:10)
  A black bear (D:10)
  3 sky beasts
  3 phantoms
  2 ice beasts
  11 ogres
  3 centaurs
  The ghost of htuhola the Sneak, an amateur OpFE (D:3)
  A big kobold (D:10)
  7 bullfrogs
  A water moccasin zombie (Ossuary)
  5 scorpions (D:4)
  3 killer bees (D:10)
  4 howler monkeys
  4 wights (D:10)
  6 crimson imps
  2 centaur zombies (Ossuary)
  5 jellies
  2 quasits (D:6)
  6 bullfrog zombies
  2 hounds
  2 orc priests
  A bullfrog skeleton (D:10)
  4 iguanas
  5 orc wizards
  5 worker ants
  2 killer bee zombies (Ossuary)
  2 hound zombies
  2 hound skeletons
  13 mummies (Ossuary)
  A howler monkey zombie (Ossuary)
  2 worker ant zombies
  3 gnolls (D:5)
  10 adders
  2 shadow imps (D:10)
  An ooze (D:3)
  An adder zombie (Ossuary)
  An adder skeleton (D:4)
  2 worms (D:3)
  2 dart slugs (D:1)
  5 leopard geckos
  18 orcs
  6 giant cockroaches
  5 goblins
  8 hobgoblins
  9 jackals
  9 kobolds
  5 quokkas
  A ball python (D:2)
  A ball python skeleton (D:5)
  A ball python zombie (Ossuary)
  8 bats
  5 frilled lizards
  A giant cockroach zombie (Ossuary)
  A jackal skeleton (D:5)
  2 leopard gecko zombies (Ossuary)
  3 quokka zombies
  5 rats
241 creatures vanquished.

Vanquished Creatures (others)
  A centaur (D:10)
  A killer bee (D:10)
  An orc (D:6)
  A kobold (D:10)
  5 fungi (D:4)
  3 withered plants (Ossuary)
12 creatures vanquished.

Grand Total: 253 creatures vanquished

Notes
Turn   | Place    | Note
-------+----------+-------------------------------------------
     0 | D:1      | Manul the Octopode Assassin began the quest for the Orb.
     0 | D:1      | Reached XP level 1. HP: 14/14 MP: 1/1
    32 | D:1      | Reached XP level 2. HP: 8/19 MP: 2/2
   278 | D:1      | You fall through a shaft!
   476 | D:1      | Reached skill level 6 in Stealth
   516 | D:1      | Reached XP level 3. HP: 24/24 MP: 3/3
  1150 | D:3      | Found an ornate altar of the Wu Jian Council.
  1164 | D:3      | Noticed an ogre
  1171 | D:3      | Killed an ogre
  1171 | D:3      | Reached skill level 7 in Stealth
  1171 | D:3      | Reached skill level 1 in Shields
  1171 | D:3      | Reached XP level 4. HP: 29/29 MP: 4/4
  1171 | D:3      | Reached XP level 5. HP: 34/34 MP: 5/5
  1245 | D:3      | Found a burning altar of Makhleb.
  1344 | D:3      | Found a shadowy altar of Dithmenos.
  1464 | D:3      | Noticed htuhola's ghost (amateur OpFE)
  1501 | D:4      | Noticed an ogre
  1504 | D:4      | Killed an ogre
  1504 | D:4      | Reached skill level 8 in Stealth
  1504 | D:4      | Reached XP level 6. HP: 39/39 MP: 6/6
  1853 | D:4      | Found a deep blue altar of Sif Muna.
  2140 | D:4      | Reached skill level 9 in Stealth
  2623 | D:4      | Reached XP level 7. HP: 32/45 MP: 7/7
  2847 | D:4      | Found a snail-covered altar of Cheibriados.
  2996 | D:4      | Found an opulent altar of Gozag.
  3002 | D:4      | Became a worshipper of Gozag Ym Sagoz the Greedy
  3245 | D:3      | Killed htuhola's ghost
  3715 | D:4      | Reached skill level 10 in Stealth
  3761 | D:5      | Entered Level 5 of the Dungeon
  3859 | D:5      | Found a staircase to the Ecumenical Temple.
  3955 | D:5      | Reached XP level 8. HP: 30/51 MP: 8/8
  4032 | D:5      | Reached skill level 11 in Stealth
  4543 | D:5      | Found a hide-covered altar of Uskayaw.
  4547 | D:5      | Found a blossoming altar of Fedhas.
  4548 | D:5      | Found a white marble altar of Elyvilon.
  5046 | D:6      | Found a shimmering altar of Xom.
  5218 | D:6      | Reached skill level 5 in Short Blades
  5705 | D:6      | Reached XP level 9. HP: 57/57 MP: 9/9
  5840 | D:7      | Found a sand-covered staircase.
  5848 | Ossuary  | Entered an ossuary
  5937 | Ossuary  | Reached skill level 5 in Shields
  6007 | Ossuary  | Reached skill level 12 in Stealth
  6356 | D:7      | Noticed a troll
  8109 | D:7      | Killed a troll
  8532 | D:8      | Found a shimmering altar of Xom.
  9149 | D:8      | Reached XP level 10. HP: 64/64 MP: 10/10
  9585 | D:8      | Noticed a two-headed ogre
  9592 | D:8      | Killed a two-headed ogre
  9592 | D:8      | Reached skill level 13 in Stealth
  9606 | D:8      | Found a glowing golden altar of the Shining One.
  9652 | D:8      | Found a bloodstained altar of Trog.
  9661 | D:8      | Found a sparkling altar of Nemelex Xobeh.
 10373 | D:9      | Found Jihum's Book Shoppe.
 10406 | D:9      | Found Cefaiqic's Distillery.
 10993 | D:9      | Found Ecruylich's Food Shoppe.
 11063 | D:9      | Bought a potion of heal wounds for 85 gold pieces
 11063 | D:9      | Bought a potion of heal wounds for 85 gold pieces
 11104 | D:9      | Found Bogufitzic's Antique Weapon Shop.
 11128 | D:9      | Reached skill level 14 in Stealth
 11338 | D:10     | Entered Level 10 of the Dungeon
 11746 | D:10     | Reached skill level 5 in Fighting
 11869 | D:10     | Noticed Joseph
 11881 | D:10     | Killed Joseph
 11905 | D:10     | Reached XP level 11. HP: 29/72 MP: 11/11
 11920 | D:10     | Reached skill level 5 in Dodging
 12152 | D:10     | Reached skill level 1 in Evocations
 12381 | D:10     | Found a runed door.
 12704 | D:10     | Noticed a deep troll
 12773 | D:10     | Killed a deep troll
 12880 | D:11     | Noticed a two-headed ogre
 13247 | D:10     | Mangled by a two-headed ogre

Vault maps used:
D:1:      lordsloth_arrival_two_stooges
D:3:      kb_forest_paths, nicolae_dithmenos_shadow_blocks,
          overflow_temple_1_default, overflow_temple_1_default
D:4:      old_forge, kennysheep_little_box, lemuel_doored_altar,
          nicolae_gozag_cash_rules_everything_around_me
D:5:      minitemple, temple_doors_e, first_ration, minmay_misc_feat_cross
D:6:      nicolae_overflow_crystal_walls
D:7:      nicolae_ossuary_entry_monument
D:8:      tso_oasis_becter, amethyst_overflow_temple_binary, basic_altar
D:9:      serial_shops, shop, shop_coins, nicolae_shop_behind_doors, shop
D:10:     hangedman_fish_farm, wad_hexagon, uniq_joseph
D:11:     lair_entry_dummy, minmay_gold_behind_fungi,
          fedhas_bush_and_centaur_altar, uniq_erolcha
Ossuary:  ossuary_zaba_flooded

Skill      XL: |  1  2  3  4  5  6  7  8  9 10 11 |
---------------+----------------------------------+-----
Stealth        | 6 7 8 9 10 11 12 14 | 14.8
Shields        | 1 2 3 4 6 7 8 |  8.6
Short Blades   | 3 4 5 6 7 8 |  8.0
Dodging        | 2 3 4 5 |  5.3
Fighting       | 3 4 5 |  5.6
Evocations     | 1 |  1.3
Throwing       | |  2.2

Action                   |  1- 3 |  4- 6 |  7- 9 | 10-12 || total
-------------------------+-------+-------+-------+-------++-------
Melee: Dagger            |    53 |    61 |   219 |   255 ||   588
       Tentacles         |     8 |     8 |    93 |    65 ||   174
       Constrict         |     9 |    12 |    74 |    24 ||   119
       Short sword       |       |       |   178 |       ||   178
       Long sword        |       |       |       |    14 ||    14
 Fire: Blowgun           |       |       |    10 |    12 ||    22
Invok: Call Merchant     |       |       |     1 |     1 ||     2
Evoke: Wand              |       |       |       |    12 ||    12
  Use: Scroll            |       |     3 |     7 |     8 ||    18
       Potion            |       |     2 |     3 |     4 ||     9
 Stab: Sleeping          |    14 |     5 |    30 |    26 ||    75
       Distracted        |       |       |     5 |     7 ||    12
       Invisible         |       |       |     1 |       ||     1
  Eat: Chunk             |     1 |     2 |       |       ||     3
       Ration            |       |     1 |     6 |     4 ||    11
Armor: Skin              |     2 |     1 |    11 |    25 ||    39
Dodge: Dodged            |    22 |    21 |   157 |    77 ||   277
Block: Buckler           |     2 |    10 |   110 |    98 ||   220
       Reflection        |       |       |       |     6 ||     6
       Rpst.: Long sword |       |       |       |     3 ||     3

Table legend:
 A = Spawn XP
 B = Non-spawn XP
 C = Spawn XP percentage of total XP
 D = Spawn monster count
 E = Non-spawn monster count
 F = Spawn count percentage of total count
 G = Total turns spent on level
                    A         B        C        D         E        F      G
               +---------+---------+-------+---------+---------+-------+---------
         Total |       0 |   12532 |   0.0 |       0 |     245 |   0.0 | 13247
               +---------+---------+-------+---------+---------+-------+---------
           D:1 |       0 |      32 |   0.0 |       0 |      16 |   0.0 |   673
           D:2 |       0 |      44 |   0.0 |       0 |      14 |   0.0 |   435
           D:3 |       0 |     286 |   0.0 |       0 |      24 |   0.0 |   848
           D:4 |       0 |     551 |   0.0 |       0 |      15 |   0.0 |  1805
           D:5 |       0 |     958 |   0.0 |       0 |      27 |   0.0 |  1284
           D:6 |       0 |     657 |   0.0 |       0 |      27 |   0.0 |  1025
           D:7 |       0 |     930 |   0.0 |       0 |      11 |   0.0 |  1841
           D:8 |       0 |    1651 |   0.0 |       0 |      17 |   0.0 |  1468
           D:9 |       0 |    2053 |   0.0 |       0 |      19 |   0.0 |  2187
          D:10 |       0 |    4591 |   0.0 |       0 |      44 |   0.0 |  1243
       Ossuary |       0 |     779 |   0.0 |       0 |      31 |   0.0 |   419
               +---------+---------+-------+---------+---------+-------+---------
